Map: [ESL] Gresvan

Players

Harstem

  • Race: Protoss Protoss
  • Spawn Location: 5:00

Lambo - Winner!

  • Race: Zerg Zerg
  • Spawn Location: 11:00

Event: ESL SC2 Masters 2023 Summer (Finals)

VOD

Have the link to the VOD?

Description

Time

  • Played on: June 16, 2023, 6:43 a.m.
  • Length: 3:47

All games in this series

Show
View Real Time Build Order
Export as new Build Order

Harstem Protoss 

Build Orders: 1 Gate Expand 

Get SALT Encoding   

  12  0:00  Probe  
  13  0:12  Probe  
  14  0:17  Pylon  
  14  0:24  Probe (Chrono Boost)  
  15  0:36  Probe (Chrono Boost)  
  15  0:37  Gateway  
  16  0:44  Probe (Chrono Boost)  
  16  0:47  Assimilator  
  17  0:51  Probe  
  18  1:03  Probe  
  19  1:15  Probe  
  20  1:24  Nexus  
  20  1:33  Cybernetics Core  
  20  1:35  Probe  
  21  1:43  Assimilator  
  21  1:47  Probe  
  21  1:51  Pylon  
  22  1:59  Probe  
  23  2:06  Adept (Chrono Boost)  
  23  2:11  Probe  
  26  2:24  Probe  
  26  2:27  Adept (Chrono Boost)  
  29  2:36  Probe, Stargate  
  31  2:37  Probe  
  31  2:48  Probe  
  31  2:49  Probe  
  35  3:00  Probe  
  35  3:01  Probe  
  35  3:03  Nexus  
  37  3:22  Pylon  
  38  3:35  Probe  
Show
View Real Time Build Order
Export as new Build Order

Lambo Zerg - Winner!

Build Orders: Hatch First 

Get SALT Encoding   

  12  0:00  Drone  
  13  0:13  Overlord  
  13  0:16  Drone  
  14  0:31  Drone x2  
  16  0:47  Hatchery  
  15  0:51  Drone  
  15  0:54  Drone  
  17  0:57  Drone  
  18  1:06  Extractor  
  17  1:13  Spawning Pool  
  17  1:17  Drone  
  17  1:20  Drone  
  18  1:28  Drone  
  19  1:39  Drone  
  20  1:52  Overlord  
  20  1:59  Queen x2  
  20  2:00  Zergling x2  
  20  2:01  Zergling x2  
  26  2:09  Metabolic Boost  
  26  2:12  Zergling x4  
  28  2:21  Zergling x2  
  29  2:24  Zergling x2  
  30  2:35  Hatchery  
  29  2:40  Zergling x4  
  29  2:44  Zergling x2  
  32  2:49  Overlord  
  32  2:54  Zergling x4  
  34  3:05  Zergling x2  
  34  3:06  Zergling x2  
  34  3:11  Zergling x6  
  39  3:16  Zergling x2  
  40  3:23  Zergling x2  
  40  3:25  Zergling x2  
Tags
 
Add a new tag
Caveats
  • Supply blocks, unpowered buildings, or Contaminate may cause inaccurate times.
  • Supply counts are checked every 10 seconds.